 Dungeon Crawl Stone Soup version 0.30-b1-2-g02819fbbbe (webtiles) character file.

Game seed: 17782841768841832805

2335 dorian the Skirmisher (level 9, 0/73 HPs)
             Began as a Barachi Hunter on May 4, 2023.
             Was an Initiate of Okawaru.
             Slain by a hornet (4 damage)
             ... while paralysed by a hornet
             ... on level 7 of the Dungeon.
             The game lasted 00:15:05 (6794 turns).

dorian the Skirmisher (Barachi Hunter)              Turns: 6794, Time: 00:15:05

Health: 0/73       AC: 17    Str: 16    XL:     9   Next: 42%
Magic:  9/9        EV:  2    Int: 10    God:    Okawaru [......]
Gold:   250        SH:  0    Dex: 16    Spells: 5/8 levels left

rFire   . . .        a - +0 shortbow
rCold   + . .        (shield currently unavailable)
rNeg    . . .        n - +4 ring mail {rC+}
rPois   .            o - +2 helmet
rElec   .            E - +2 cloak
rCorr   .            (no gloves)
SInv    .            (no boots)
Will    .....        (no amulet)
Stlth   +            (no ring)
HPRegen 0.32/turn    (no ring)
MPRegen 0.11/turn

%: no passive effects
@: paralysed, lethally poisoned (0 -> -31), slowed, slow
A: amphibious, slowness 1, strong legs 1, +LOS
a: Hop, Renounce Religion


You were on level 7 of the Dungeon.
You worshipped Okawaru.
Okawaru was noncommittal.
You visited 2 branches of the dungeon, and saw 8 of its levels.

You collected 250 gold pieces.

Inventory:

Hand Weapons
 a - a +0 shortbow (weapon)
 d - a +0 falchion of holy wrath
 h - a +0 dagger of speed
 r - a +2 spear of flaming
Armour
 c - a +0 leather armour
 g - a +0 scale mail
 m - +0 steam dragon scales
 n - a +4 ring mail of cold resistance (worn)
 o - a +2 helmet (worn)
 B - a +0 plate armour
 E - a +2 cloak (worn)
Jewellery
 q - a ring of willpower
Wands
 x - a wand of digging (6)
 D - a wand of roots (9)
Scrolls
 b - 2 scrolls of immolation
 e - a scroll of vulnerability {unknown}
 f - 3 scrolls of identify
 i - 8 scrolls of enchant weapon
 j - 2 scrolls of magic mapping {unknown}
 k - 3 scrolls of fear {unknown}
 l - 4 scrolls of teleportation {unknown}
 p - 2 scrolls of amnesia {unknown}
 s - 2 scrolls of silence {unknown}
 y - a scroll of blinking {unknown}
 A - a scroll of poison {unknown}
 C - a scroll of fog {unknown}
Potions
 t - 2 potions of brilliance
 u - 3 potions of mutation
 v - a potion of attraction
 w - a potion of curing
 z - a potion of ambrosia


   Skills:
 + Level 7.7 Fighting
 * Level 9.8 Ranged Weapons
 + Level 7.0 Armour
 - Level 2.2 Dodging
 - Level 0.8 Stealth


You had 5 spell levels left.
You knew the following spells:

 Your Spells              Type           Power      Damage    Failure   Level
a - Portal Projectile     Hex/Tloc       0%         N/A       89%         3

Your spell library contained the following spells:

 Spells                   Type           Power      Damage    Failure   Level
 Sandblast                Erth           0%         2d4       54%         1
 Passwall                 Tmut/Erth      0%         N/A       69%         2
 Stone Arrow              Conj/Erth      0%         3d7       89%         3
 Vhi's Electric Charge    Tloc/Air       0%         N/A       89%         3
 Leda's Liquefaction      Hex/Erth       0%         N/A       100%        4
 Arcjolt                  Conj/Air       0%         1d10      100%        5
 Maxwell's Capacitive Co  Air            0%         ∞         100%        8
 Call Canine Familiar     Summ           Unusable   N/A       N/A         3

Dungeon Overview and Level Annotations

Branches:
Dungeon (7/15)             Temple (1/1) D:6

Altars:
Ashenzari
Cheibriados
Dithmenos
Elyvilon
Fedhas
Gozag
Hepliaklqana
Kikubaaqudgha
Makhleb
Okawaru
Qazlal
Ru
Trog
Uskayaw
Vehumet
Wu Jian
Xom
Yredelemnul
Zin
The Shining One

Annotations:
D:3 1 runed translucent door, mleeut's ghost, amateur MiFi
D:6 2 transporters


Innate Abilities, Weirdness & Mutations

You are amphibious.
You cover ground slowly.
You can hop short distances.
You have an extended range of vision and can be seen from far away.


Message History

You feel very sick. The hornet stings you!
You feel yourself slow down. The hornet stings you!
You feel as though you will be slow longer.
You can move again.
Fire: a) +0 shortbow
Press: ? - help, Shift-Dir - straight line, f/p - hornet
Aim: a hornet (severely wounded, 55% to hit)
You shoot an arrow.
The arrow hits the hornet but does no damage.
The hornet is severely wounded.
You feel very sick. The hornet barely misses you. The hornet misses you.
Fire: a) +0 shortbow
Press: ? - help, Shift-Dir - straight line, f/p - hornet
Aim: a hornet (severely wounded, 55% to hit)
You shoot an arrow. The arrow barely misses the hornet.
You feel sick. The hornet stings you!
* * * LOW HITPOINT WARNING * * *
You feel as though you will be slow longer.
The hornet stings you but does no damage.
The hornet stings you.
* * * LOW HITPOINT WARNING * * *
You are more poisoned.
You feel as though you will be slow longer.
Unknown command.
Fire: a) +0 shortbow
Press: ? - help, Shift-Dir - straight line, f/p - hornet
Aim: a hornet (severely wounded, 55% to hit)
You shoot an arrow. The arrow barely misses the hornet.
* * * LOW HITPOINT WARNING * * *
You feel very sick. The hornet stings you.
* * * LOW HITPOINT WARNING * * *
You are more poisoned.
You feel as though you will be slow longer.
The hornet stings you.
* * * LOW HITPOINT WARNING * * *
You are more poisoned.
You suddenly lose the ability to move!
The hornet stings you.
You die...

#........##........
##....#####........
##..## ##.......
##...# #.......
##....## ##......
##......## ##.....
#..#.....## #.....
#.##......# ##....
####@.....# ##...
#..y.......# ##..
#.[........# ###
##...##...## #
[#... #...# ..##..
#...# ## #..
###...####
##...........###
.............#


You could see a hornet.

Vanquished Creatures
  Maggie (D:7)
  Prince Ribbit (D:7)
  Menkaure (D:6)
  A steam dragon (D:6)
  An orc warrior (D:6)
  A black bear (D:7)
  3 ogres (D:6)
  A phantom (D:5)
  6 scorpions
  3 jellies
  A gnoll bouda (D:6)
  2 hounds (D:5)
  4 orc priests
  A sleepcap (D:6)
  5 orc wizards
  2 iguanas
  9 gnolls
  6 adders
  A shadow imp (D:5)
  A white imp (D:6)
  2 worms
  A dart slug (D:3)
  18 orcs
  5 endoplasms
  2 giant cockroaches
  7 goblins
  9 hobgoblins
  5 jackals
  3 quokkas
  4 ball pythons
  6 bats
  2 frilled lizards (D:1)
  8 kobolds
  A rat (D:3)
124 creatures vanquished.

Notes
Turn   | Place    | Note
-------+----------+-------------------------------------------
     0 | D:1      | dorian the Barachi Hunter began the quest for the Orb.
     0 | D:1      | Reached XP level 1. HP: 17/17 MP: 1/1
   218 | D:1      | Reached XP level 2. HP: 23/23 MP: 2/2
   935 | D:2      | Reached XP level 3. HP: 28/28 MP: 3/3
  1667 | D:2      | Reached skill level 5 in Ranged Weapons
  1667 | D:2      | Reached skill level 1 in Armour
  1667 | D:2      | Reached XP level 4. HP: 27/35 MP: 4/4
  1965 | D:4      | Noticed a scorpion
  1975 | D:4      | Killed a scorpion
  1976 | D:4      | Reached XP level 5. HP: 26/41 MP: 5/5
  2139 | D:4      | HP: 2/41 [orc wizard/magic dart (2)]
  2154 | D:4      | Reached skill level 6 in Ranged Weapons
  2154 | D:4      | Reached XP level 6. HP: 8/48 MP: 6/6
  2155 | D:4      | HP: 1/72 [something/magic dart (8)]
  2394 | D:4      | HP: 3/72 [poisoned by a scorpion]
  2749 | D:3      | Reached XP level 7. HP: 38/55 MP: 7/7
  2845 | D:3      | Found a runed translucent door.
  2847 | D:3      | Noticed mleeut's ghost (amateur MiFi)
  2865 | D:3      | Found a blossoming altar of Fedhas.
  3198 | D:3      | Found an opulent altar of Gozag.
  3253 | D:3      | Found a radiant altar of Vehumet.
  3253 | D:3      | Found a faded altar of an unknown god.
  3260 | D:3      | Found a glowing golden altar of the Shining One.
  3262 | D:3      | Found a basalt altar of Yredelemnul.
  3265 | D:3      | Found a faded altar of an unknown god.
  3311 | D:3      | Found a glowing silver altar of Zin.
  3312 | D:3      | Found a shimmering altar of Xom.
  3314 | D:3      | Found an iron altar of Okawaru.
  3314 | D:3      | Found a snail-covered altar of Cheibriados.
  3882 | D:4      | Reached skill level 5 in Fighting
  3882 | D:4      | Reached skill level 7 in Ranged Weapons
  4206 | D:4      | Learned a level 3 spell: Portal Projectile
  4226 | D:5      | Entered Level 5 of the Dungeon
  4852 | D:6      | Reached XP level 8. HP: 40/64 MP: 8/8
  5003 | D:6      | Reached skill level 5 in Armour
  5025 | D:6      | Reached skill level 8 in Ranged Weapons
  5293 | D:6      | Found a transporter.
  5365 | D:6      | Found a transporter.
  5417 | D:6      | Found a hazy altar of Hepliaklqana.
  5424 | D:6      | Noticed Menkaure
  5433 | D:6      | Killed Menkaure
  5752 | D:6      | Reached skill level 9 in Ranged Weapons
  5816 | D:6      | Reached XP level 9. HP: 63/72 MP: 9/9
  5920 | D:6      | Found a staircase to the Ecumenical Temple.
  5930 | Temple   | Entered the Ecumenical Temple
  6169 | D:3      | Became a worshipper of Warmaster Okawaru
  6253 | D:7      | Noticed Maggie
  6479 | D:7      | Killed Maggie
  6629 | D:7      | Noticed Prince Ribbit
  6648 | D:7      | Killed Prince Ribbit
  6782 | D:7      | Noticed a hornet
  6784 | D:7      | Paralysed by a hornet for 1 turns
  6787 | D:7      | Paralysed by a hornet for 2 turns
  6790 | D:7      | Paralysed by a hornet for 2 turns
  6794 | D:7      | Paralysed by a hornet for 1 turns
  6794 | D:7      | Slain by a hornet

Illustrated notes

Levels and vault maps discovered:
D:1:      lemuel_arrival_hallway, layout_basic
D:2:      layout_loops_ring
D:3:      layout_basic, fedhas_altar_1, mainiacjoe_overflow_alcove_3,
          chequers_temple_overflow_minitemple, lemuel_crystal_altar,
          ebering_ghost_sewer_d, kennysheep_generic_room_3
D:4:      layout_cave_pods
D:5:      layout_gridville
D:6:      gammafunk_steamed_eel, layout_loops_cross,
          mainiacjoe_overflow_surrounded_room, minmay_temple_entry_poolview,
          kennysheep_generic_room_7, uniq_menkaure
D:7:      layout_cave_pods, uniq_prince_ribbit1, uniq_maggie, uniq_pikel
Temple:   nicolae_temple_bog_church

Skill      XL: |  1  2  3  4  5  6  7  8  9 |
---------------+----------------------------+-----
Fighting       | 3 4 5 7 |  7.7
Ranged Weapons | 5 6 7 9 |  9.8
Armour         | 1 2 3 4 6 7 |  7.0
Dodging        | |  2.2
Stealth        | |  0.8

Action                     |  1- 3 |  4- 6 |  7- 9 || total
---------------------------+-------+-------+-------++-------
   Fire: Shortbow          |   115 |   129 |   371 ||   615
  Throw: Throwing net      |       |       |     1 ||     1
Ability: Hop               |       |     3 |     2 ||     5
    Use: Potion            |       |     4 |     2 ||     6
         Scroll            |       |     3 |     4 ||     7
 Armour: Leather armour    |     3 |       |       ||     3
         Scale mail        |    47 |    33 |    58 ||   138
         Skin              |       |    27 |       ||    27
         Ring mail         |       |       |    29 ||    29
  Dodge: Dodged            |    46 |    30 |   130 ||   206
